 Dungeon Crawl Stone Soup version 0.19-a0-1731-g1e0734d (webtiles) character file.

32 Sixotanaka the Slasher (level 3, -1/24 HPs)
             Began as a High Elf Skald on Sept 30, 2016.
             Slain by Terence
             ... wielding a +0 hand axe
              (4 damage)
             ... on level 1 of the Dungeon.
             The game lasted 00:06:02 (1866 turns).

Sixotanaka the Slasher (High Elf Skald)             Turns: 1866, Time: 00:06:03

Health: -1/24      AC:  4    Str: 11    XL:     3   Next: 10%
Magic:  0/7        EV: 11    Int: 15    God:
Gold:   54         SH:  0    Dex: 16    Spells: 2 memorised, 3 levels left

rFire  . . .     SeeInvis .     a - +0 falchion
rCold  . . .     Gourm    .     b - +0 leather armour
rNeg   . . .     Faith    .     (no shield)
rPois  .         Spirit   .     h - +0 helmet
rElec  .         Dismiss  .     (no cloak)
rCorr  .         Reflect  .     (no gloves)
MR     .....     Harm     .     (no boots)
Stlth  +.........               (no amulet)
                                (no ring)
                                (no ring)

@: infused
A: no striking features
a: no special abilities


You were on level 1 of the Dungeon.
You were near starving.

You visited 1 branch of the dungeon, and saw 2 of its levels.

You collected 54 gold pieces.


   Skills:
 - Level 2.0 Fighting
 + Level 4.3 Long Blades
 - Level 0.8 Armour
 - Level 1.1 Dodging
 - Level 2.4 Spellcasting
 - Level 3.6 Charms


You had 3 spell levels left.
You knew the following spells:

 Your Spells              Type           Power        Failure   Level  Hunger
a - Infusion              Chrm           ##..         10%         1    #......
b - Shroud of Golubria    Chrm/Tloc      #.........   24%         2    ###....


Dungeon Overview and Level Annotations

Branches:
Dungeon (2/15)

Altars:

Annotations:
D:1 Terence
D:2 Robin

Inventory:

Hand Weapons
 a - a +0 falchion (weapon)
 l - a +1 dagger of venom
   (You took it off a goblin on level 1 of the Dungeon)
Armour
 b - a +0 leather armour (worn)
 h - a +0 helmet (worn)
   (You found it on level 1 of the Dungeon)
Scrolls
 g - a scroll of fog {unknown}
 i - a scroll of recharging {unknown}
 j - a scroll of identify {unknown}
Potions
 e - a potion of might {unknown}
 k - a potion of invisibility {unknown}
Books
 c - a book of Battle
Comestibles
 d - a bread ration {@e1}

.....#)# #.# #.........# ######.#
#.# ######....# #.# #.# #.####
#.# #.# #.# #.# #.# #.# #.# #.#
##.## #.######.# ##...##
#.....##.##########.....####
#####.##...@@...............
#.##..#########.....#### #.##..#
##...##
########.##..###########.## ###
###.......#[.........)>....# ##.#
....######.###.##########..###...
##### #.# #.# #...#.... #.# #.#
##........ #.# #.# ####.........


You could see Terence.


Message History

You are feeling very hungry.
Terence misses you.
You riposte.
You hit Terence. You hit Terence.
Terence drinks a potion.
Terence is healed!
You hit Terence.
Your magical infusion is running out.
Terence says, "Time to say good-bye..."
Terence hits you with a hand axe.
* * * LOW HITPOINT WARNING * * *
You are no longer magically infusing your attacks.
Unknown command.
Terence asks, "Do you want it fast or slow?"
You see here a club.
Terence misses you.
There is a stone staircase leading down here.
Your magical contamination has completely faded away.
Terence barely misses you.
You see here a club.
There is a stone staircase leading down here.
You see here a club.
There is a stone staircase leading down here.
Terence bares his teeth.
You see here a club.
There is a stone staircase leading down here.
You see here a club.
There is a stone staircase leading down here.
Terence says, "Rest in peace."
Terence shouts, "Now you die!"
You begin infusing your attacks with magical energy.
Terence hits you with a hand axe.
Space distorts slightly along a thin shroud covering your body.
Terence closely misses you.
You riposte.
You hit Terence but do no damage. You hit Terence.
Terence hits you with a hand axe.
Your shroud falls apart!
You hit Terence. Terence hits you with a hand axe.
* * * LOW HITPOINT WARNING * * *
You closely miss Terence. Terence barely misses you.
You hit Terence. Terence hits you with a hand axe.
* * * LOW HITPOINT WARNING * * *
You barely miss Terence. Terence misses you.
You riposte.
You are near starving!
You barely miss Terence. You hit Terence. Terence hits you but does no damage.
You hit Terence. Terence hits you with a hand axe.
* * * LOW HITPOINT WARNING * * *
You hit Terence. Terence closely misses you.
You closely miss Terence. Terence hits you with a hand axe.
* * * LOW HITPOINT WARNING * * *
You hit Terence. Terence closely misses you.
You hit Terence. Terence hits you with a hand axe.
You die...

Vault maps used:
D:1:      sevenhm_arrival_forest_fort_large_4
D:2:      serial_glass, glass_columns_a, glass_columns_a,
          minmay_tree_intersection, uniq_robin, uniq_terence, uniq_natasha

Vanquished Creatures
  An ooze (D:1)
  4 bats (D:1)
  2 giant cockroaches (D:1)
  4 goblins (D:1)
  4 hobgoblins (D:1)
  3 jackals (D:1)
  3 frilled lizards (D:1)
  3 kobolds (D:1)
  A rat (D:1)
25 creatures vanquished.

Table legend:
 A = Turns spent in this place as a percentage of turns spent in the entire game.
 B = Non-inter-level travel turns spent in this place as a percentage of non-inter-level travel turns spent in the entire game.
 C = Inter-level travel turns spent in this place as a percentage of turns spent in this place.
 D = Turns resting spent in this place as a percentage of non-inter-level travel turns spent in this place.
 E = Turns spent auto-exploring this place as a percentage of non-inter-level travel turns spent in this place.
 F = Non-inter-level travel turns spent in this place divided by the number of levels of this place that you've seen.
                   A       B       C       D       E      F
               +-------+-------+-------+-------+-------+----------------------
         Total | 100.0 | 100.0 |   0.5 |   6.2 |   6.2 | 379.5
       Dungeon | 100.0 | 100.0 |   0.5 |   6.2 |   6.2 | 379.5
               +-------+-------+-------+-------+-------+----------------------

Table legend:
 A = Kills in this place as a percentage of kills in entire the game.
 B = Kills by you in this place as a percentage of kills by you in the entire game.
 C = Kills by friends in this place as a percentage of kills by friends in the entire game.
 D = Other kills in this place as a percentage of other kills in the entire game.
 E = Experience gained in this place as a percentage of experience gained in the entire game.
 F = Experience gained in this place divided by the number of levels of this place that you have seen.
                   A       B       C       D       E      F
               +-------+-------+-------+-------+-------+----------------------
         Total | 100.0 | 100.0 |  -nan |  -nan | 100.0 |  23.5
       Dungeon | 100.0 | 100.0 |  -nan |  -nan | 100.0 |  23.5
               +-------+-------+-------+-------+-------+----------------------

Notes
Turn   | Place    | Note
-------+----------+-------------------------------------------
     0 | D:1      | Sixotanaka the High Elf Skald began the quest for the Orb.
     0 | D:1      | Reached XP level 1. HP: 14/14 MP: 4/4
   200 | D:1      | Reached skill level 3 in Long Blades
   271 | D:1      | Reached XP level 2. HP: 19/19 MP: 3/6
   282 | D:1      | Learned a level 2 spell: Shroud of Golubria
   959 | D:1      | Reached skill level 4 in Long Blades
  1155 | D:2      | Noticed Terence
  1192 | D:2      | Noticed Robin
  1197 | D:1      | Reached XP level 3. HP: 20/24 MP: 4/7
  1473 | D:1      | HP: 3/24 [Terence/hand axe (5)]
  1864 | D:1      | HP: 3/24 [Terence/hand axe (4)]
  1866 | D:1      | Slain by Terence

Action                   || total
-------------------------++-------
Melee: Falchion          ||   111
 Cast: Infusion          ||    15
       Shroud of Golubri ||     4
  Eat: Chunk             ||     2
Armor: Leather armour    ||    31
Dodge: Dodged            ||    66
